 Dungeon Crawl Stone Soup version 0.30.1-5-ged363bc7ee (webtiles) character file.

Game seed: 14985879102495201733

407 safid the Chiller (level 6, -12/45 HPs)
             Began as a Merfolk Ice Elementalist on Sept 19, 2023.
             Mangled by an ogre
             ... wielding a +0 giant club
              (23 damage)
             ... on level 4 of the Dungeon.
             The game lasted 00:06:25 (3318 turns).

safid the Chiller (Merfolk Ice Elementalist)        Turns: 3318, Time: 00:06:26

Health: -12/45     AC:  3    Str:  8    XL:     6   Next: 88%
Magic:  7/11       EV: 13    Int: 17    God:
Gold:   244        SH:  3    Dex: 14    Spells: 5/12 levels left

rFire   + . .        j - +1 short sword (speed)
rCold   . . .        e - +0 buckler
rNeg    . . .        a - +0 robe
rPois   .            h - +0 helmet
rElec   .            (no cloak)
rCorr   .            (no gloves)
SInv    .            (no boots)
Will    .....        (no amulet)
Stlth   ++           c - ring of wizardry
HPRegen 0.27/turn    t - ring of protection from fire
MPRegen 0.12/turn

%: wizardry (x1)
@: freezing walls
A: (nimble swimmer 2), mertail
a: no special abilities


You were on level 4 of the Dungeon.
You visited 1 branch of the dungeon, and saw 4 of its levels.

You collected 244 gold pieces.

Inventory:

Hand Weapons
 j - a +1 short sword of speed (weapon)
Armour
 a - a +0 robe (worn)
 e - a +0 buckler (worn)
 h - a +0 helmet (worn)
Jewellery
 c - a ring of wizardry (left hand)
 g - a ring of flight
 t - a ring of protection from fire (right hand)
Scrolls
 d - a scroll of amnesia {unknown}
 f - 2 scrolls of vulnerability {unknown}
 k - 4 scrolls of identify {unknown}
 m - 2 scrolls of fog {unknown}
 n - a scroll of brand weapon {unknown}
 s - a scroll of enchant armour {unknown}
Potions
 b - a potion of magic
 i - a potion of flight {unknown}
 l - 3 potions of might {unknown}
 o - 2 potions of curing {unknown}
 q - a potion of ambrosia {unknown}
 r - a potion of heal wounds {unknown}


   Skills:
 + Level 2.3 Fighting
 + Level 5.1 Dodging
 - Level 3.6 Stealth
 + Level 3.6 Spellcasting
 + Level 5.7 Ice Magic


You had 5 spell levels left.
You knew the following spells:

 Your Spells              Type           Power      Damage    Failure   Level
a - Freeze                Ice            88%        1d9       1%          1
b - Frozen Ramparts       Ice            44%        1d7       3%          3
c - Ozocubu's Armour      Ice            22%        N/A       3%          3

Your spell library contained the following spells:

 Spells                   Type           Power      Damage    Failure   Level
 Summon Ice Beast         Ice/Summ       12%        N/A       32%         4


Dungeon Overview and Level Annotations

Branches:
Dungeon (4/15)
 Temple: D:4-7

Altars:
Sif Muna
Wu Jian

Annotations:
D:2 1 runed translucent door, Crazy Yiuf


Innate Abilities, Weirdness & Mutations

((You are very nimble when in or above water. (Stealth+, EV+, Speed+++)))
Your lower body shifts to a powerful aquatic tail in water.


Message History

An ogre comes into view. It is wielding a +0 giant club.
The hobgoblin shouts!
The ogre shouts!
You hit the hobgoblin.
The hobgoblin is lightly wounded.
You block the hobgoblin's attack.
You hit the hobgoblin.
The hobgoblin is heavily wounded.
You hit the hobgoblin.
You kill the hobgoblin!
The ogre hits you with a +0 giant club!!
Ouch! That really hurt!
* * * LOW HITPOINT WARNING * * *
You are too injured to fight recklessly!
You are too injured to fight recklessly!
You are too injured to fight recklessly!
You are too injured to fight recklessly!
You are too injured to fight recklessly!
You are too injured to fight recklessly!
You are too injured to fight recklessly!
You are too injured to fight recklessly!
You are too injured to fight recklessly!
You are too injured to fight recklessly!
Unknown command.
Casting: Frozen Ramparts (dangerous; 3% risk of failure)
Confirm with . or Enter, or press ? or * to list all spells.
Casting: Frozen Ramparts (dangerous; 3% risk of failure)
Press: ? - help, Dir - look around, f - activate The walls around you are covered in ice.
Unknown command.
Casting: Frozen Ramparts (dangerous; 3% risk of failure)
Confirm with . or Enter, or press ? or * to list all spells.
Aiming: Freeze (safe; 1% risk of failure)
Press: ? - help, Shift-Dir - straight line, f - ogre
Aim: an ogre, wielding a +0 giant club You freeze the ogre.
The ogre is lightly wounded.
The wall freezes the ogre!
The ogre hits you with a +0 giant club!!
Ouch! That really hurt!
You die...

## .. # #. #.# ..
# #. #..#
#..#.#.##[.# .#
...#.#.$.##.#
####
#...#.#..#.##...
###..O#..........
#....†@.##.#.#.#
....#....##.#...#
.#.............#
#.#...###.#...#
#. #.##
#.....#### . ...
###......# .##
#...###.# ##.>.#
.. ##....# #


You could see an ogre.

Vanquished Creatures
  Grinder (D:3)
  Terence (D:2)
  An iguana (D:2)
  An orc wizard (D:3)
  Robin (D:2)
  4 gnolls (D:3)
  2 adders (D:2)
  2 dart slugs
  4 orcs
  4 bats
  10 endoplasms
  11 goblins
  5 hobgoblins
  4 jackals (D:1)
  4 quokkas
  5 ball pythons
  4 frilled lizards
  3 kobolds
  3 rats
70 creatures vanquished.

Notes
Turn   | Place    | Note
-------+----------+-------------------------------------------
     0 | D:1      | safid the Merfolk Ice Elementalist began the quest for the
                  | Orb.
     0 | D:1      | Reached XP level 1. HP: 13/13 MP: 3/3
   162 | D:1      | Reached XP level 2. HP: 19/19 MP: 1/5
   700 | D:1      | Reached XP level 3. HP: 24/24 MP: 4/6
   704 | D:1      | Learned a level 3 spell: Frozen Ramparts
   928 | D:2      | Noticed Terence
   938 | D:2      | Killed Terence
   939 | D:2      | Reached XP level 4. HP: 6/30 MP: 1/7
  1060 | D:2      | Learned a level 3 spell: Ozocubu's Armour
  1155 | D:2      | Noticed Robin
  1181 | D:2      | Killed Robin
  1182 | D:2      | Reached skill level 5 in Ice Magic
  1754 | D:2      | Reached XP level 5. HP: 12/35 MP: 4/9
  2108 | D:2      | Found a runed translucent door.
  2109 | D:2      | Noticed Crazy Yiuf
  2455 | D:3      | Found a shimmering blue altar of Sif Muna.
  2574 | D:3      | Reached skill level 1 in Fighting
  2723 | D:3      | Noticed Grinder
  2724 | D:3      | Paralysed by Grinder for 4 turns
  2735 | D:3      | Paralysed by Grinder for 5 turns
  2748 | D:3      | Killed Grinder
  2749 | D:3      | Reached skill level 5 in Dodging
  2749 | D:3      | Reached XP level 6. HP: 33/44 MP: 2/11
  2902 | D:3      | Found an ornate altar of the Wu Jian Council.
  3318 | D:4      | Mangled by an ogre

Illustrated notes

Levels and vault maps discovered:
D:1:      wheals_arrival_shading, layout_rooms
D:2:      layout_basic, feat_on_display, uniq_robin, uniq_terence,
          uniq_crazy_yiuf_cottage
D:3:      layout_loops_cross, amcnicky_altar_gilded, kennysheep_orc_sif_temple,
          uniq_grinder
D:4:      layout_rooms, nicolae_tso_besieged_by_evil,
          mainiacjoe_overflow_small_starburst

Skill      XL: |  1  2  3  4  5 |
---------------+----------------+-----
Dodging        | 3 4 5 |  5.1
Stealth        | 3 |  3.6
Ice Magic      | 5 |  5.7
Spellcasting   | 3 |  3.6
Fighting       | 2 |  2.3

Action                     |  1- 3 |  4- 6 || total
---------------------------+-------+-------++-------
  Melee: Unarmed           |     6 |       ||     6
         Dagger            |    41 |    30 ||    71
         Short sword       |       |    22 ||    22
         Rapier            |       |     2 ||     2
   Cast: Freeze            |    39 |    30 ||    69
         Frozen Ramparts   |       |     9 ||     9
         Ozocubu's Armour  |       |     3 ||     3
  Evoke: Wand              |       |     9 ||     9
   Stab: Sleeping          |     1 |     2 ||     3
 Armour: Robe              |    21 |    18 ||    39
  Dodge: Dodged            |    61 |    54 ||   115
  Block: Buckler           |    15 |     9 ||    24
